Unix NetHack Version 3.7.0-62 Work-in-progress - last build Aug 24 2022 02:59:55 (1754fd7919031489bd266d173cb7fe17fa02ec73,branch:master).

Game began 2022-08-28 04:25:18, ended 2022-08-28 17:05:25.

rustyspoon, lawful female orcish Barbarian

  
unexplored area
unexplored area
unexplored area
unexplored area
unexplored area
unexplored area
unexplored area
unexplored area
unexplored area
unexplored area
unexplored area
unexplored area
unexplored area
unexplored area
unexplored area
unexplored area
unexplored area
unexplored area
unexplored area
unexplored area
unexplored area
unexplored area
unexplored area
unexplored area
unexplored area
unexplored area
unexplored area
unexplored area
unexplored area
unexplored area
unexplored area
unexplored area
unexplored area
unexplored area
unexplored area
unexplored area
unexplored area
unexplored area
unexplored area
unexplored area
unexplored area
unexplored area
unexplored area
unexplored area
unexplored area
unexplored area
unexplored area
unexplored area
unexplored area
unexplored area
unexplored area
unexplored area
unexplored area
unexplored area
unexplored area
unexplored area
unexplored area
unexplored area
unexplored area
unexplored area
unexplored area
unexplored area
unexplored area
unexplored area
unexplored area
unexplored area
unexplored area
unexplored area
unexplored area
unexplored area
unexplored area
unexplored area
unexplored area
unexplored area
unexplored area
unexplored area
unexplored area
unexplored area
unexplored area
unexplored area
unexplored area
unexplored area
unexplored area
unexplored area
unexplored area
unexplored area
unexplored area
unexplored area
unexplored area
unexplored area
unexplored area
unexplored area
unexplored area
unexplored area
unexplored area
unexplored area
unexplored area
unexplored area
unexplored area
unexplored area
unexplored area
unexplored area
unexplored area
unexplored area
unexplored area
unexplored area
unexplored area
unexplored area
unexplored area
unexplored area
unexplored area
unexplored area
unexplored area
unexplored area
unexplored area
unexplored area
unexplored area
unexplored area
unexplored area
unexplored area
unexplored area
unexplored area
unexplored area
unexplored area
unexplored area
unexplored area
unexplored area
unexplored area
unexplored area
unexplored area
unexplored area
unexplored area
unexplored area
unexplored area
unexplored area
unexplored area
unexplored area
unexplored area
unexplored area
unexplored area
unexplored area
unexplored area
unexplored area
unexplored area
unexplored area
unexplored area
unexplored area
unexplored area
unexplored area
unexplored area
unexplored area
unexplored area
unexplored area
unexplored area
unexplored area
unexplored area
unexplored area
unexplored area
unexplored area
unexplored area
unexplored area
unexplored area
unexplored area
unexplored area
unexplored area
unexplored area
unexplored area
unexplored area
unexplored area
unexplored area
unexplored area
unexplored area
unexplored area
unexplored area
unexplored area
unexplored area
unexplored area
unexplored area
unexplored area
unexplored area
unexplored area
unexplored area
unexplored area
unexplored area
unexplored area
unexplored area
unexplored area
unexplored area
unexplored area
unexplored area
unexplored area
unexplored area
unexplored area
unexplored area
unexplored area
unexplored area
unexplored area
unexplored area
unexplored area
unexplored area
unexplored area
unexplored area
unexplored area
unexplored area
unexplored area
unexplored area
unexplored area
unexplored area
unexplored area
unexplored area
unexplored area
unexplored area
unexplored area
unexplored area
unexplored area
unexplored area
unexplored area
unexplored area
unexplored area
unexplored area
unexplored area
unexplored area
unexplored area
unexplored area
unexplored area
unexplored area
unexplored area
unexplored area
unexplored area
unexplored area
unexplored area
unexplored area
unexplored area
unexplored area
unexplored area
unexplored area
unexplored area
unexplored area
unexplored area
unexplored area
unexplored area
unexplored area
unexplored area
unexplored area
unexplored area
unexplored area
unexplored area
unexplored area
unexplored area
unexplored area
unexplored area
unexplored area
unexplored area
unexplored area
unexplored area
unexplored area
unexplored area
unexplored area
unexplored area
unexplored area
unexplored area
unexplored area
unexplored area
unexplored area
unexplored area
unexplored area
unexplored area
unexplored area
unexplored area
unexplored area
unexplored area
unexplored area
wall
wall
wall
wall
wall
wall
wall
wall
wall
unexplored area
unexplored area
unexplored area
unexplored area
unexplored area
unexplored area
unexplored area
unexplored area
unexplored area
unexplored area
unexplored area
unexplored area
unexplored area
unexplored area
unexplored area
unexplored area
unexplored area
unexplored area
unexplored area
unexplored area
unexplored area
unexplored area
unexplored area
unexplored area
unexplored area
unexplored area
unexplored area
unexplored area
unexplored area
unexplored area
unexplored area
unexplored area
unexplored area
unexplored area
unexplored area
unexplored area
unexplored area
unexplored area
unexplored area
unexplored area
unexplored area
unexplored area
unexplored area
unexplored area
unexplored area
unexplored area
unexplored area
unexplored area
unexplored area
unexplored area
unexplored area
unexplored area
unexplored area
unexplored area
unexplored area
unexplored area
unexplored area
unexplored area
unexplored area
unexplored area
unexplored area
unexplored area
unexplored area
unexplored area
unexplored area
unexplored area
unexplored area
unexplored area
unexplored area
unexplored area
wall
.dark part of a room
.dark part of a room
.dark part of a room
.dark part of a room
.dark part of a room
.dark part of a room
.dark part of a room
wall
unexplored area
unexplored area
unexplored area
unexplored area
unexplored area
unexplored area
unexplored area
unexplored area
unexplored area
unexplored area
unexplored area
unexplored area
unexplored area
unexplored area
unexplored area
unexplored area
unexplored area
unexplored area
unexplored area
unexplored area
unexplored area
unexplored area
unexplored area
unexplored area
unexplored area
unexplored area
unexplored area
unexplored area
unexplored area
unexplored area
unexplored area
unexplored area
unexplored area
unexplored area
unexplored area
unexplored area
unexplored area
unexplored area
unexplored area
unexplored area
unexplored area
unexplored area
unexplored area
unexplored area
unexplored area
unexplored area
unexplored area
unexplored area
unexplored area
unexplored area
unexplored area
unexplored area
unexplored area
unexplored area
unexplored area
unexplored area
unexplored area
unexplored area
unexplored area
unexplored area
unexplored area
unexplored area
unexplored area
unexplored area
unexplored area
unexplored area
unexplored area
unexplored area
unexplored area
unexplored area
wall
.dark part of a room
.dark part of a room
.dark part of a room
.dark part of a room
.dark part of a room
.dark part of a room
.dark part of a room
wall
unexplored area
unexplored area
unexplored area
unexplored area
unexplored area
unexplored area
unexplored area
unexplored area
unexplored area
unexplored area
unexplored area
unexplored area
unexplored area
unexplored area
unexplored area
unexplored area
unexplored area
unexplored area
wall
wall
wall
wall
wall
unexplored area
unexplored area
unexplored area
unexplored area
unexplored area
unexplored area
unexplored area
unexplored area
unexplored area
unexplored area
unexplored area
unexplored area
unexplored area
unexplored area
unexplored area
unexplored area
unexplored area
unexplored area
unexplored area
unexplored area
unexplored area
unexplored area
unexplored area
unexplored area
unexplored area
unexplored area
unexplored area
unexplored area
unexplored area
unexplored area
unexplored area
unexplored area
unexplored area
unexplored area
unexplored area
unexplored area
unexplored area
unexplored area
unexplored area
unexplored area
unexplored area
unexplored area
unexplored area
unexplored area
unexplored area
unexplored area
unexplored area
wall
.dark part of a room
.dark part of a room
.dark part of a room
_aligned high altar
.dark part of a room
.dark part of a room
.dark part of a room
wall
unexplored area
unexplored area
unexplored area
unexplored area
unexplored area
unexplored area
unexplored area
unexplored area
unexplored area
unexplored area
unexplored area
unexplored area
unexplored area
unexplored area
unexplored area
unexplored area
unexplored area
unexplored area
wall
.dark part of a room
.dark part of a room
.dark part of a room
unexplored area
unexplored area
unexplored area
unexplored area
unexplored area
unexplored area
unexplored area
unexplored area
unexplored area
unexplored area
unexplored area
unexplored area
unexplored area
unexplored area
unexplored area
unexplored area
unexplored area
unexplored area
unexplored area
unexplored area
unexplored area
unexplored area
unexplored area
unexplored area
unexplored area
unexplored area
unexplored area
unexplored area
unexplored area
unexplored area
unexplored area
unexplored area
unexplored area
unexplored area
unexplored area
unexplored area
unexplored area
unexplored area
unexplored area
unexplored area
unexplored area
unexplored area
unexplored area
unexplored area
unexplored area
unexplored area
unexplored area
unexplored area
wall
.dark part of a room
.dark part of a room
.dark part of a room
.dark part of a room
.dark part of a room
.dark part of a room
.dark part of a room
wall
unexplored area
unexplored area
unexplored area
unexplored area
unexplored area
unexplored area
unexplored area
unexplored area
unexplored area
unexplored area
unexplored area
unexplored area
unexplored area
unexplored area
unexplored area
unexplored area
unexplored area
wall
wall
.dark part of a room
.dark part of a room
wall
wall
wall
wall
wall
wall
wall
wall
wall
unexplored area
unexplored area
unexplored area
unexplored area
unexplored area
unexplored area
unexplored area
unexplored area
unexplored area
unexplored area
unexplored area
unexplored area
unexplored area
unexplored area
unexplored area
unexplored area
unexplored area
unexplored area
unexplored area
unexplored area
unexplored area
unexplored area
unexplored area
unexplored area
unexplored area
unexplored area
unexplored area
unexplored area
unexplored area
unexplored area
unexplored area
unexplored area
unexplored area
unexplored area
unexplored area
unexplored area
unexplored area
wall
unexplored area
unexplored area
wall
.dark part of a room
.dark part of a room
.dark part of a room
.dark part of a room
.dark part of a room
.dark part of a room
.dark part of a room
wall
unexplored area
unexplored area
wall
unexplored area
unexplored area
unexplored area
unexplored area
unexplored area
unexplored area
unexplored area
unexplored area
unexplored area
unexplored area
unexplored area
unexplored area
unexplored area
wall
wall
.dark part of a room
.dark part of a room
.dark part of a room
wall
.floor of a room
.floor of a room
.floor of a room
.floor of a room
.floor of a room
.floor of a room
.floor of a room
wall
unexplored area
unexplored area
unexplored area
unexplored area
unexplored area
unexplored area
unexplored area
unexplored area
unexplored area
unexplored area
unexplored area
unexplored area
unexplored area
unexplored area
unexplored area
unexplored area
unexplored area
unexplored area
unexplored area
unexplored area
unexplored area
unexplored area
unexplored area
unexplored area
unexplored area
unexplored area
unexplored area
unexplored area
unexplored area
unexplored area
unexplored area
unexplored area
unexplored area
unexplored area
unexplored area
unexplored area
unexplored area
wall
.dark part of a room
unexplored area
wall
wall
wall
wall
.doorway
wall
wall
wall
wall
unexplored area
.dark part of a room
wall
unexplored area
unexplored area
unexplored area
unexplored area
unexplored area
unexplored area
unexplored area
unexplored area
.dark part of a room
.dark part of a room
.dark part of a room
wall
wall
wall
.dark part of a room
.remembered, unseen, creature
.dark part of a room
.dark part of a room
wall
akiller bee
.floor of a room
.floor of a room
afire ant
.floor of a room
.floor of a room
.floor of a room
wall
unexplored area
unexplored area
unexplored area
unexplored area
unexplored area
unexplored area
unexplored area
unexplored area
unexplored area
unexplored area
unexplored area
unexplored area
unexplored area
unexplored area
unexplored area
unexplored area
unexplored area
unexplored area
unexplored area
unexplored area
unexplored area
unexplored area
unexplored area
unexplored area
unexplored area
unexplored area
unexplored area
unexplored area
unexplored area
unexplored area
unexplored area
unexplored area
unexplored area
unexplored area
unexplored area
unexplored area
unexplored area
wall
.dark part of a room
.dark part of a room
.dark part of a room
.dark part of a room
.dark part of a room
.dark part of a room
.dark part of a room
.dark part of a room
.dark part of a room
.dark part of a room
.dark part of a room
.dark part of a room
.dark part of a room
wall
unexplored area
unexplored area
unexplored area
unexplored area
unexplored area
unexplored area
unexplored area
.dark part of a room
.dark part of a room
efreezing sphere
AAngel of Moloch
.dark part of a room
-open door
AAngel of Moloch
&Famine
Arenegade Angel of Set
%a giant beetle corpse
.floor of a room
-open door
.floor of a room
.floor of a room
.floor of a room
@invisible orcish barbarian called rustyspoon
.floor of a room
.floor of a room
.floor of a room
wall
unexplored area
unexplored area
unexplored area
unexplored area
unexplored area
unexplored area
unexplored area
unexplored area
unexplored area
unexplored area
unexplored area
unexplored area
unexplored area
unexplored area
unexplored area
unexplored area
unexplored area
unexplored area
unexplored area
unexplored area
unexplored area
unexplored area
unexplored area
unexplored area
unexplored area
unexplored area
unexplored area
unexplored area
unexplored area
unexplored area
unexplored area
unexplored area
unexplored area
unexplored area
unexplored area
unexplored area
unexplored area
wall
wall
wall
.dark part of a room
.dark part of a room
.dark part of a room
.dark part of a room
%a giant ant corpse
.dark part of a room
.dark part of a room
.dark part of a room
.dark part of a room
wall
wall
wall
unexplored area
unexplored area
unexplored area
unexplored area
unexplored area
.dark part of a room
.dark part of a room
.dark part of a room
.dark part of a room
.dark part of a room
.dark part of a room
wall
wall
wall
.dark part of a room
.dark part of a room
.dark part of a room
.dark part of a room
wall
.floor of a room
.floor of a room
.floor of a room
@peaceful invisible high priestess of Mitra
.floor of a room
.floor of a room
@peaceful priestess of Set
wall
unexplored area
unexplored area
unexplored area
unexplored area
unexplored area
unexplored area
unexplored area
unexplored area
unexplored area
unexplored area
unexplored area
unexplored area
unexplored area
unexplored area
unexplored area
unexplored area
unexplored area
unexplored area
unexplored area
unexplored area
unexplored area
unexplored area
unexplored area
unexplored area
unexplored area
unexplored area
unexplored area
unexplored area
unexplored area
unexplored area
unexplored area
unexplored area
unexplored area
unexplored area
unexplored area
unexplored area
unexplored area
unexplored area
unexplored area
wall
wall
wall
wall
wall
|open door
wall
wall
wall
wall
wall
unexplored area
unexplored area
unexplored area
unexplored area
unexplored area
unexplored area
unexplored area
.dark part of a room
.dark part of a room
.dark part of a room
.dark part of a room
.dark part of a room
unexplored area
unexplored area
unexplored area
wall
wall
.dark part of a room
.dark part of a room
.dark part of a room
wall
.floor of a room
.floor of a room
.floor of a room
@priestess of Moloch
.floor of a room
$some gold pieces
.floor of a room
wall
unexplored area
unexplored area
unexplored area
unexplored area
unexplored area
unexplored area
unexplored area
unexplored area
unexplored area
unexplored area
unexplored area
unexplored area
unexplored area
unexplored area
unexplored area
unexplored area
unexplored area
unexplored area
unexplored area
unexplored area
unexplored area
unexplored area
unexplored area
unexplored area
unexplored area
unexplored area
unexplored area
unexplored area
unexplored area
unexplored area
unexplored area
unexplored area
unexplored area
unexplored area
unexplored area
unexplored area
unexplored area
unexplored area
unexplored area
unexplored area
unexplored area
unexplored area
.dark part of a room
.dark part of a room
%a giant ant corpse
.dark part of a room
unexplored area
unexplored area
unexplored area
unexplored area
unexplored area
unexplored area
unexplored area
unexplored area
unexplored area
unexplored area
wall
wall
.doorway
wall
wall
unexplored area
unexplored area
unexplored area
unexplored area
unexplored area
wall
wall
.dark part of a room
.dark part of a room
wall
wall
wall
wall
wall
wall
wall
wall
wall
unexplored area
unexplored area
unexplored area
unexplored area
unexplored area
unexplored area
unexplored area
unexplored area
unexplored area
unexplored area
unexplored area
unexplored area
unexplored area
unexplored area
unexplored area
unexplored area
unexplored area
unexplored area
unexplored area
unexplored area
unexplored area
unexplored area
unexplored area
unexplored area
unexplored area
unexplored area
unexplored area
unexplored area
unexplored area
unexplored area
unexplored area
unexplored area
unexplored area
unexplored area
unexplored area
unexplored area
unexplored area
unexplored area
unexplored area
unexplored area
unexplored area
unexplored
.dark part of a room
.dark part of a room
.dark part of a room
.dark part of a room
.dark part of a room
unexplored area
unexplored area
unexplored area
unexplored area
unexplored area
unexplored area
unexplored area
unexplored area
wall
wall
0a boulder
.dark part of a room
.dark part of a room
unexplored area
unexplored area
unexplored area
unexplored area
unexplored area
unexplored area
unexplored area
wall
.dark part of a room
.dark part of a room
.dark part of a room
unexplored area
unexplored area
unexplored area
unexplored area
unexplored area
unexplored area
unexplored area
unexplored area
unexplored area
unexplored area
unexplored area
unexplored area
unexplored area
unexplored area
unexplored area
unexplored area
unexplored area
unexplored area
unexplored area
unexplored area
unexplored area
unexplored area
unexplored area
unexplored area
unexplored area
unexplored area
unexplored area
unexplored area
unexplored area
unexplored area
unexplored area
unexplored area
unexplored area
unexplored area
unexplored area
unexplored area
unexplored area
unexplored area
unexplored area
unexplored area
unexplored area
unexplored area
unexplored area
.dark part of a room
.dark part of a room
.dark part of a room
unexplored area
unexplored area
unexplored area
unexplored area
.dark part of a room
.dark part of a room
.dark part of a room
.dark part of a room
.dark part of a room
unexplored area
unexplored area
unexplored area
unexplored area
unexplored area
unexplored area
unexplored area
.dark part of a room
.dark part of a room
.dark part of a room
.dark part of a room
.dark part of a room
unexplored area
unexplored area
unexplored area
unexplored area
unexplored area
unexplored area
unexplored area
unexplored area
wall
wall
wall
wall
wall
unexplored area
unexplored area
unexplored area
unexplored area
unexplored area
unexplored area
unexplored area
unexplored area
unexplored area
unexplored area
unexplored area
unexplored area
unexplored area
unexplored area
unexplored area
unexplored area
unexplored area
unexplored area
unexplored area
unexplored area
unexplored area
unexplored area
unexplored area
unexplored area
unexplored area
unexplored area
unexplored area
unexplored area
unexplored area
unexplored area
unexplored area
unexplored area
unexplored area
unexplored area
unexplored area
unexplored area
unexplored area
unexplored area
unexplored area
unexplored area
unexplored area
unexplored area
.dark part of a room
.dark part of a room
.dark part of a room
wall
unexplored area
unexplored area
unexplored area
.dark part of a room
.dark part of a room
[a chain mail
.dark part of a room
.dark part of a room
unexplored area
unexplored area
unexplored area
unexplored area
unexplored area
unexplored area
.dark part of a room
.dark part of a room
.dark part of a room
.dark part of a room
.dark part of a room
unexplored area
unexplored area
unexplored area
unexplored area
unexplored area
unexplored area
unexplored area
unexplored area
unexplored area
unexplored area
unexplored area
unexplored area
unexplored area
unexplored area
unexplored area
unexplored area
unexplored area
unexplored area
unexplored area
unexplored area
unexplored area
unexplored area
unexplored area
unexplored area
unexplored area
unexplored area
unexplored area
unexplored area
unexplored area
unexplored area
unexplored area
unexplored area
unexplored area
unexplored area
unexplored area
unexplored area
unexplored area
unexplored area
unexplored area
unexplored area
unexplored area
unexplored area
unexplored area
unexplored area
unexplored area
unexplored area
unexplored area
unexplored area
unexplored area
unexplored area
unexplored area
unexplored area
unexplored area
unexplored area
unexplored area
unexplored area
.dark part of a room
.dark part of a room
.dark part of a room
.dark part of a room
wall
unexplored area
unexplored area
.dark part of a room
.dark part of a room
)a long sword
.dark part of a room
unexplored area
unexplored area
wall
wall
.dark part of a room
unexplored area
.dark part of a room
.dark part of a room
.dark part of a room
.dark part of a room
.dark part of a room
unexplored area
unexplored area
unexplored area
unexplored area
unexplored area
unexplored area
unexplored area
unexplored area
unexplored area
unexplored area
unexplored area
unexplored area
unexplored area
unexplored area
unexplored area
unexplored area
unexplored area
unexplored area
unexplored area
unexplored area
unexplored area
unexplored area
unexplored area
unexplored area
unexplored area
unexplored area
unexplored area
unexplored area
unexplored area
unexplored area
unexplored area
unexplored area
unexplored area
unexplored area
unexplored area
unexplored area
unexplored area
unexplored area
unexplored area
unexplored area
unexplored area
unexplored area
unexplored area
unexplored area
unexplored area
unexplored area
unexplored area
unexplored area
unexplored area
unexplored area
unexplored area
unexplored area
unexplored area
unexplored area
unexplored area
unexplored area
unexplored area
unexplored area
wall
%a yellow dragon corpse
.dark part of a room
.dark part of a room
wall
wall
wall
wall
!2 potions called sickness
wall
unexplored area
wall
wall
.dark part of a room
.dark part of a room
.dark part of a room
.dark part of a room
.dark part of a room
.dark part of a room
.dark part of a room
unexplored area
unexplored area
unexplored area
unexplored area
unexplored area
unexplored area
unexplored area
unexplored area
unexplored area
unexplored area
unexplored area
unexplored area
unexplored area
unexplored area
unexplored area
unexplored area
unexplored area
unexplored area
unexplored area
unexplored area
unexplored area
unexplored area
unexplored area
unexplored area
unexplored area
unexplored area
unexplored area
unexplored area
unexplored area
unexplored area
unexplored area
unexplored area
unexplored area
unexplored area
unexplored area
unexplored area
unexplored area
unexplored area
unexplored area
unexplored area
unexplored area
unexplored area
unexplored area
unexplored area
unexplored area
unexplored area
unexplored area
unexplored area
unexplored area
unexplored area
unexplored area
unexplored area
unexplored area
unexplored area
unexplored area
unexplored area
unexplored area
unexplored area
unexplored area
wall
.dark part of a room
.dark part of a room
.dark part of a room
.dark part of a room
.dark part of a room
%a giant beetle corpse
.dark part of a room
%a giant beetle corpse
.dark part of a room
%a giant beetle corpse
.dark part of a room
.dark part of a room
.dark part of a room
.dark part of a room
.dark part of a room
.dark part of a room
.dark part of a room
.dark part of a room
unexplored area
unexplored area
unexplored area
unexplored area
unexplored area
unexplored area
unexplored area
unexplored area
unexplored area
unexplored area
unexplored area
unexplored area
unexplored area
unexplored area
unexplored area
unexplored area
unexplored area
unexplored area
unexplored area
unexplored area
unexplored area
unexplored area
unexplored area
unexplored area
unexplored area
unexplored area
unexplored area
unexplored area
unexplored area
unexplored area
unexplored area
unexplored area
unexplored area
unexplored area
unexplored area
unexplored area
unexplored area
unexplored area
unexplored area
unexplored area
unexplored area
unexplored area
unexplored area
unexplored area
unexplored area
unexplored area
unexplored area
unexplored area
unexplored area
unexplored area
unexplored area
unexplored area
unexplored area
unexplored area
unexplored area
unexplored area
unexplored area
unexplored area
unexplored area
unexplored area
unexplored area
unexplored area
wall
wall
wall
wall
wall
wall
wall
wall
unexplored area
wall
wall
wall
wall
wall
wall
wall
unexplored area
unexplored area
unexplored area
unexplored area
unexplored area
unexplored area
unexplored area
unexplored area
unexplored area
unexplored area
unexplored area
unexplored area
unexplored area
unexplored area
unexplored area
unexplored area
unexplored area
unexplored area
unexplored area
unexplored area
unexplored area
unexplored area
unexplored area
unexplored area
unexplored area
unexplored area
unexplored area
unexplored area
unexplored area
unexplored area
[Rustyspoon the Raider ] St:25 Dx:18 Co:18 In:16 Wi:16 Ch:16 Lawful Astral Plane $:0 HP:241(249) Pw:24(24) AC:-21 Xp:15 T:44840 Satiated

Latest messages:

The renegade Angel of Set hits it.
Pick an object.
What do you want to use or apply? [bchik-ns-uxzW or ?*]
O - an uncursed wand of wishing (1:1).
You hear a chugging sound.
"Doth pain excite thee? Wouldst thou prefer the whip?"
The renegade Angel of Set points at you, then curses.
"Why search for the Amulet? Thou wouldst but lose it, cretin."
The priestess of Set wields a mace!
What do you want to zap? [hl-nxzO or ?*]
You may wish for an object.
r - a greased visored helmet.
The renegade Angel of Set swings his long sword at the giant beetle.
The renegade Angel of Set hits the giant beetle.
The renegade Angel of Set swings his long sword at the giant beetle.
The renegade Angel of Set hits the giant beetle.
The renegade Angel of Set hits the giant beetle.
The giant beetle is killed!
What do you want to take off? [CDEF or ?*]
Never mind.
The renegade Angel of Set swings his long sword at it.
The renegade Angel of Set hits it.
The renegade Angel of Set swings his long sword at it.
The renegade Angel of Set hits it.
The renegade Angel of Set hits it.
What do you want to take off? [CDEF or ?*]
The priest of Mitra vanishes.
Famine rises from the dead in a ring of withered crops!
You finish taking off your helm.
What do you want to wear? [rF or ?*]
Never mind.
There is a high altar to Mitra (lawful) here.
What do you want to wear? [rF or ?*]
The renegade Angel of Set swings his long sword at Famine.
The renegade Angel of Set misses Famine.
The renegade Angel of Set swings his long sword at Famine.
The renegade Angel of Set hits Famine.
The renegade Angel of Set hits Famine.
You finish your dressing maneuver.
Your mind oscillates briefly.
You are blasted by Stormbringer's power!
You are blasted by the Heart of Ahriman's power!
The visored helmet glows black for a moment.
What do you want to sacrifice? [q or ?*]
You offer the Amulet of Yendor to Mitra...
An invisible choir sings, and you are bathed in radiance...
The voice of Mitra booms: "Mortal, thou hast done well!"
"In return for thy service, I grant thee the gift of Immortality!"
You ascend to the status of Demigoddess...
Do you want your possessions identified? [ynq] (y)

Major events:

Turn

1: rustyspoon the chaotic female orcish Barbarian entered the dungeon
1147: attained the rank of Pillager (level 3)
1438: entered the Gnomish Mines
2800: attained the rank of Bandit (level 6)
3569: reached Mine Town
6337: was bestowed with Cleaver by Set
7854: entered Sokoban
8170: completed sokoban 1
8762: completed sokoban 2
9079: completed sokoban 3
9786: completed sokoban 4
9861: attained the rank of Brigand (level 10)
10560: acquired the Sokoban amulet of reflection
11166: was bestowed with Ogresmasher by Set
15124: acquired the Mines' End luckstone
17490: was bestowed with Trollsbane by Set
21358: was chosen to steal souls for the Glory of Set
21358: was bestowed with Stormbringer
22713: entered the Bigroom
31540: made her first wish - "blessed greased +2 gray dragon scale mail", got "a greased gray dragon scale mail"
34378: killed Medusa
37110: wished for "blessed greased fixed +2 boots of speed", got "a greased pair of riding boots"
37337: entered Gehennom
37615: attained the rank of Raider (level 14)
38595: performed her first genocide (master mind flayers)
39330: killed Thoth Amon
39331: found the Heart of Ahriman on the floor
39331: acquired the Bell of Opening
40644: killed Juiblex
41017: bribed Asmodeus with 69 zorkmids for safe passage
41152: killed Baalzebub
41807: destroyed Vlad the Impaler
41811: acquired the Candelabrum of Invocation
42126: genocided class L
42590: wished for "blessed fixed ring of conflict", got "a twisted ring"
42591: wished for "blessed fixed wand of death", got "a zinc wand"
42702: killed Orcus
42877: killed the invisible Yeenoghu
43429: killed the Wizard of Yendor
43439: acquired the Book of the Dead
43454: performed the invocation
43566: killed the high priest of Moloch
43569: acquired The Amulet of Yendor
43850: killed the Wizard of Yendor (2nd time)
44256: killed the invisible Wizard of Yendor (3rd time)
44557: entered the Elemental Planes
44557: entered Plane of Earth
44649: entered Plane of Air
44703: entered Plane of Fire
44714: entered Plane of Water
44718: genocided class ;
44755: entered the Astral Plane
44775: killed Pestilence
44796: killed Pestilence (2nd time)
44827: killed Famine
44837: wished for "blessed greased fixed +2 helm of opposite alignment", got "a greased visored helmet"
44840: ascended

Inventory:

Amulets

U - an uncursed amulet of reflection (being worn)

Weapons

a - the blessed rustproof +6 Stormbringer (wielded in right hand)
w - a blessed +7 silver saber (wielded in left hand)

Armor

r - a cursed greased rustproof +2 helm of opposite alignment (being worn)
A - a blessed fireproof +4 Hawaiian shirt with a water nymph motif (being worn)
B - an uncursed greased +5 gray dragon scale mail (being worn)
C - a cursed greased fireproof +0 cloak of displacement (being worn)
D - a blessed fireproof +3 pair of speed boots (being worn)
E - a blessed rusty corroded +5 pair of gauntlets of power (being worn)
F - a blessed +2 dwarvish iron helm

Comestibles

L - an uncursed lizard corpse named KFC

Scrolls

p - an uncursed scroll of teleportation

Spellbooks

i - the uncursed Book of the Dead

Rings

f - a blessed ring of free action (on left hand)
g - a blessed ring of conflict (on right hand)

Wands

h - a blessed wand of death (1:8)
l - an uncursed wand of teleportation (0:3)
m - a blessed wand of teleportation (0:6)
n - an uncursed wand of death (0:1)
x - an uncursed wand of digging (0:1)
z - an uncursed wand of digging (0:6)
O - an uncursed wand of wishing (1:0)

Tools

b - a blessed greased bag of holding containing 112 items
c - the uncursed Bell of Opening (0:1)
k - an uncursed skeleton key
s - a cursed oilskin sack named cancellation containing 1 item
t - an uncursed blindfold
u - a blessed +6 unicorn horn named mmf L;
W - the uncursed Candelabrum of Invocation (0 of 7 candles attached)

Gems/Stones

G - the blessed Heart of Ahriman

Contents of the bag of holding:

an uncursed amulet of life saving
an uncursed amulet of life saving
an uncursed amulet of life saving
an uncursed amulet of life saving
an uncursed amulet of life saving
an uncursed +0 katana
an uncursed burnt +0 pair of jumping boots
an uncursed -1 pair of levitation boots
an uncursed +0 pair of water walking boots
an uncursed +0 mummy wrapping
6 uncursed C-rations
7 uncursed food rations
an uncursed lizard corpse named MCD
9 uncursed scrolls of blank paper
a blessed scroll of charging
an uncursed scroll of create monster
an uncursed scroll of create monster
2 uncursed scrolls of earth
a cursed scroll of enchant weapon
an uncursed scroll of fire
an uncursed scroll of food detection
an uncursed scroll of gold detection
2 blessed scrolls of identify
a cursed scroll of identify
an uncursed scroll of magic mapping
4 uncursed scrolls of remove curse
4 blessed scrolls of scare monster named BLESSED
4 uncursed scrolls of scare monster
17 potions of holy water
3 uncursed potions of water
3 potions of unholy water
an uncursed potion of booze
2 uncursed diluted potions of extra healing
4 blessed diluted potions of full healing
an uncursed potion of full healing
an uncursed diluted potion of full healing
2 uncursed potions of gain energy
3 uncursed potions of levitation
4 uncursed potions of paralysis
an uncursed potion of restore ability
an uncursed ring of free action
a blessed +2 ring of increase damage
a blessed ring of levitation
an uncursed ring of levitation
an uncursed ring of levitation
an uncursed ring of levitation
an uncursed ring of polymorph
an uncursed ring of regeneration
an uncursed ring of regeneration
a blessed ring of teleport control
an uncursed ring of teleport control
an uncursed ring of teleport control
an uncursed ring of teleport control
an uncursed wand of slow monster (0:4)
an uncursed wand of digging (0:6)
an uncursed wand of digging (0:4)
an uncursed wand of digging (0:1)
an uncursed wand of digging (0:4)
an uncursed wand of digging (0:7)
an uncursed wand of digging (0:8)
an uncursed wand of fire (0:5)
an uncursed wand of fire (0:3)
a blessed wand of light (0:8)
an uncursed wand of light (0:11)
an uncursed wand of light (0:11)
an uncursed wand of light (0:13)
an uncursed wand of light (0:7)
an uncursed wand of light (0:13)
an uncursed wand of lightning (0:7)
an uncursed wand of lightning (0:6)
an uncursed wand of lightning (0:0)
an uncursed wand of locking (0:4)
an uncursed wand of magic missile (0:4)
an uncursed wand of magic missile (0:7)
an uncursed wand of magic missile (0:7)
an uncursed wand of secret door detection (0:12)
an uncursed wand of secret door detection (0:11)
an uncursed wand of sleep (0:5)
an uncursed wand of sleep (0:8)
an uncursed wand of striking (0:2)
an uncursed wand of striking (0:3)
an uncursed wand of teleportation (0:4)
an uncursed wand of teleportation (0:5)
an uncursed wand of teleportation (0:3)
6 uncursed wax candles
8 uncursed tallow candles
a blessed oil lamp
an uncursed magic whistle
an uncursed brass lantern
an uncursed can of grease (0:2)
a blessed magic marker (0:40)
an uncursed rustproof +7 pick-axe
an uncursed +0 unicorn horn
an uncursed +0 unicorn horn
4 uncursed amber stones
3 uncursed amethyst stones
6 uncursed black opals
an uncursed chrysoberyl stone
2 uncursed citrine stones
6 uncursed diamonds
an uncursed dilithium crystal
3 uncursed emeralds
5 uncursed fluorite stones
an uncursed garnet stone
an uncursed jacinth stone
2 uncursed jasper stones
6 uncursed jet stones
2 uncursed obsidian stones
2 uncursed opals
2 uncursed rubies
2 uncursed topaz stones
a blessed touchstone

Contents of the oilskin sack named cancellation:

an uncursed wand of cancellation (0:6)

Rustyspoon the Barbarian's attributes:


Background:

You were a Raider, a level 15 female orcish Barbarian.
You were lawful, temporarily on a mission for Mitra
who was opposed by Crom (neutral) and Set (chaotic).
You were actually chaotic.
You were in the endgame, on the Astral Plane.
You entered the dungeon 44840 turns ago.
There was a new moon in effect when your adventure ended.
You had 212745 experience points, 107255 more were needed to attain level 16.

Basics:

You had 241 out of 249 hit points.
You had all 24 energy points (spell power).
Your armor class was -21.
Your wallet was empty.
Autopickup was on for '?' plus thrown, with exceptions.

Final Characteristics:

Your strength was 25 (base:18/36, innate limit:18/50).
Your dexterity was 18 (limit:18).
Your constitution was 18 (limit:18).
Your intelligence was 16 (limit:16).
Your wisdom was 16 (limit:16).
Your charisma was 16 (limit:16).

Final Status:

You were satiated.
You were unencumbered.
You were wielding two weapons at once.
Your skill in broadsword was limited by being basic with two weapons.
Your skill in saber was also limited by being basic with two weapons.

Final Attributes:

You were the Glory of Arioch.
You were fervently aligned.
You were magic-protected.
You were fire resistant.
You were cold resistant.
You were sleep resistant.
You were shock resistant.
You were poison resistant.
You were level-drain resistant.
You saw invisible.
You were telepathic.
You had infravision.
You were invisible to others.
You were displaced.
You were stealthy.
You caused conflict.
You were warded.
You were very fast.
You had reflection.
You had free action.
You were very lucky.
You had extra luck.
Good luck did not time out for you.
You survived.

Miscellaneous:
You never encountered a bones level.
Total elapsed playing time was 5 hours, 32 minutes and 26 seconds.

Vanquished creatures:

Baalzebub
Orcus
Yeenoghu
Juiblex
the Wizard of Yendor (4 times)
Pestilence (twice)
Famine
Vlad the Impaler
a high cleric
Medusa
14 krakens
a master lich
2 storm giants
a glass golem
a balrog
Thoth Amon
3 purple worms
a silver dragon
3 red dragons
3 white dragons
2 orange dragons
3 blue dragons
2 yellow dragons
16 minotaurs
a jabberwock
2 baluchitheria
2 Angels
2 demiliches
2 stone golems
6 Olog-hai
a Nazgul
2 pit fiends
a sandestin
a hell hound
3 displacer beasts
3 titanotheres
3 guardian nagas
2 genetic engineers
a disenchanter
23 vampire leaders
5 skeletons
11 aligned clerics
3 captains
6 shades
6 liches
a clay golem
5 nurses
5 ice devils
a nalfeshnee
a lurker above
an Aleax
2 frost giants
2 ettins
5 black puddings
25 vampires
5 lieutenants
19 ghosts
a queen bee
a winged gargoyle
4 mind flayers
10 giant mimics
3 long worms
8 zruties
a fire giant
3 ogre tyrants
an ice troll
28 rock trolls
5 umber hulks
3 elven monarchs
a doppelganger
13 hezrous
4 bone devils
8 large mimics
a wumpus
a fire vortex
a couatl
8 stalkers
3 air elementals
2 fire elementals
5 earth elementals
4 water elementals
a hill giant
4 giant mummies
5 black nagas
5 xorns
16 giant zombies
7 elf-nobles
5 sergeants
a water demon
4 barbed devils
6 vrocks
3 salamanders
9 wargs
4 winter wolves
2 hell hound pups
7 small mimics
2 glass piercers
3 warhorses
3 steam vortices
9 xans
4 ettin mummies
3 ogre leaders
3 quantum mechanics
40 trolls
3 wood golems
3 erinyes
a marilith
8 sharks
8 electric eels
3 gelatinous cubes
a pyrolisk
2 large dogs
2 freezing spheres
3 flaming spheres
a shocking sphere
2 large cats
5 tigers
3 gargoyles
3 dwarf rulers
7 tengu
5 ochre jellies
9 leocrottas
2 energy vortices
3 stone giants
7 elf mummies
7 human mummies
2 red nagas
a green slime
7 pythons
3 pit vipers
a cobra
30 wraiths
a carnivorous ape
13 ettin zombies
19 Grey-elves
60 soldiers
4 amorous demons
3 horned devils
8 chameleons
5 crocodiles
17 giant beetles
3 quivering blobs
12 cockatrices
22 wolves
a winter wolf cub
5 lynxes
4 panthers
5 gremlins
30 leprechauns
2 orc-captains
4 iron piercers
2 mumakil
12 giant spiders
5 scorpions
5 horses
2 ice vortices
3 black lights
11 vampire bats
2 forest centaurs
3 gnome rulers
4 orc mummies
7 dwarf mummies
69 ogres
2 brown puddings
6 rust monsters
11 owlbears
8 yetis
2 gold golems
6 werewolves
2 Green-elves
5 piranha
19 giant eels
14 lizards
4 chickatrices
2 dingoes
2 dogs
13 jaguars
6 dwarf leaders
10 white unicorns
a black unicorn
6 dust vortices
31 ravens
6 plains centaurs
a gnome mummy
4 snakes
5 water moccasins
6 apes
18 human zombies
7 rope golems
15 Woodland-elves
13 soldier ants
9 fire ants
3 bugbears
3 lemures
2 quasits
10 wood nymphs
3 water nymphs
5 mountain nymphs
2 Mordor orcs
2 Uruk-hai
an orc shaman
9 rock piercers
5 rock moles
3 ponies
6 fog clouds
10 yellow lights
6 violet fungi
16 gnome leaders
8 gnomish wizards
5 kobold mummies
2 gray oozes
6 barrow wights
17 elf zombies
14 ghouls
5 straw golems
2 paper golems
5 jellyfish
31 giant ants
3 little dogs
13 floating eyes
2 kittens
24 dwarves
a homunculus
3 kobold leaders
10 hill orcs
8 rothes
5 rabid rats
3 centipedes
6 giant bats
6 monkeys
13 orc zombies
16 dwarf zombies
3 wererats
2 werejackals
18 iguanas
66 killer bees
4 acid blobs
2 coyotes
4 gas spores
5 hobbits
3 manes
5 large kobolds
7 hobgoblins
4 giant rats
7 cave spiders
2 brown molds
4 yellow molds
a green mold
a red mold
56 gnomes
2 garter snakes
12 gnome zombies
11 geckos
10 jackals
2 kobolds
2 goblins
a sewer rat
7 grid bugs
4 bats
7 lichens
11 kobold zombies
13 newts
1769 creatures vanquished.

Genocided or extinct species:

master mind flayers
liches
demiliches
master liches
arch-liches
erinyes (extinct)
jellyfish
piranha
sharks
giant eels
electric eels
krakens
11 species genocided.
1 species extinct.

Voluntary challenges:

You read items or engraved 124 times.
You never engraved Elbereth.
You genocided 11 types of monsters.
You used 5 wishes.
You did not wish for any artifacts.
You did not violate any of the special Sokoban rules.

Achievements:

You attained the rank of Pillager.
You entered the Gnomish Mines.
You attained the rank of Bandit.
You entered Minetown.
You entered a shop.
You entered a temple.
You entered Sokoban.
You attained the rank of Brigand.
You completed Sokoban.
You completed the Gnomish Mines.
You entered the Big Room.
You defeated Medusa.
You entered Gehennom.
You attained the rank of Raider.
You had the Bell of Opening.
You had the Candelabrum of Invocation.
You had the Book of the Dead.
You gained access to Moloch's Sanctum.
You reached the Elemental Planes.
You reached the Astral Plane.
You delivered the Amulet of Yendor.
You ascended!

The Elemental Planes:

   Astral Plane: <- You are here.
Some temples.
Plane of Water:
Plane of Fire:
Plane of Air:
Plane of Earth:

The Dungeons of Doom: levels 1 to 28

   Level 1: "locked chest"
One way stairs up to The Elemental Planes.
Level 2:
A fountain, a sink, a grave.
Level 3:
Level 4:
A fountain.
Stairs down to The Gnomish Mines.
Level 5: "gold <"
Level 6: "$ >"
Many altars.
Level 7:
Some fountains.
Level 8:
Many fountains.
Oracle of Delphi.
Level 9:
Stairs up to Sokoban, level 8.
Level 10:
A fountain.
Level 11:
Level 12:
A very big room.
Level 13:
A fountain.
Level 14:
A general store.
Level 15:
A fountain.
Portal to The Quest.
Level 16:
A primitive area.
Level 17: "food stash chest"
Level 18:
Level 19:
Many altars, a fountain.
Level 20: "store with floating eye in icebox, perseus shield"
A general store, an altar.
Level 21:
A fountain.
Level 22:
A sink.
Level 23:
Level 24:
Some fountains.
Level 25:
A fountain.
Level 26:
A fountain, many trees.
Level 27:
Level 28:
The castle.
Connection to Gehennom.

Gehennom: levels 29 to 49

   Level 29:
A temple, many graves.
Valley of the Dead.
Level 30:
Level 31:
Level 32:
Level 33:
Level 34:
Level 35:
Level 36:
Level 37:
Level 38:
Level 39:
Level 40:
Stairs up to Vlad's Tower, level 39.
Level 41:
Level 42:
Level 43:
Some shops, an altar, a grave.
Level 44:
Level 45:
Level 46: "wiz tower"
Level 47:
Level 48:
Level 49:
A temple, many graves.
Moloch's Sanctum.

The Gnomish Mines: levels 5 to 12

   Level 5: "lep with /oTele"
Level 6:
Level 7: "unfriendly watchmen"
Many shops, a temple, some fountains, a sink.
Level 8:
Level 9: "stash >"
Level 10:
Level 11:
Level 12:
Some fountains.

The Quest: levels 1 to 6

   Level 1:
Many trees.
Completed quest for Pelias.
Level 2:
Level 3:
Level 4:
Level 5:
Level 6:
An altar.

Sokoban: levels 8 up to 5

   Level 5: "longsword, battleaxe, mithril"
Solved.
Level 6:
Solved.
Level 7:
Solved.
Level 8:
Solved.

Vlad's Tower: levels 39 up to 37

   Level 37:
Level 38:
Level 39:

Goodbye rustyspoon the Demigoddess...


You went to your reward with 957574 points,
Stormbringer (worth 8000 zorkmids and 20000 points)
The Bell of Opening (worth 5000 zorkmids and 12500 points)
The Book of the Dead (worth 10000 zorkmids and 25000 points)
The Heart of Ahriman (worth 2500 zorkmids and 6250 points)
The Candelabrum of Invocation (worth 5000 zorkmids and 12500 points)
and 0 pieces of gold, after 44840 moves.
You were level 15 with a maximum of 249 hit points when you ascended.